Map: Orbital Shipyard

Players

Phobos

  • Race: Terran Terran
  • League: Bronze

Juggernewt - Winner!

  • Race: Protoss Protoss
  • League: Bronze

VOD

Have the link to the VOD?

Description

Time

  • Played on: Aug. 14, 2015, 4:48 p.m.
  • Length: 9:11
Show
View Real Time Build Order
Export as new Build Order

Phobos Terran 

Build Orders: MMM Bio 

Get SALT Encoding   

  12  0:01  SCV  
  13  0:15  Supply Depot  
  13  0:19  SCV  
  14  0:28  Refinery  
  14  0:31  SCV  
  15  0:43  Barracks  
  15  0:51  SCV  
  16  1:03  SCV  
  17  1:09  Refinery  
  17  1:15  SCV  
  18  1:27  SCV  
  19  1:33  Supply Depot  
  19  1:36  Marine  
  20  1:41  Orbital Command  
  20  1:51  Factory  
  20  1:57  Marine  
  21  2:21  SCV  
  22  2:29  Supply Depot, Marine  
  23  2:34  Widow Mine  
  25  2:37  Starport  
  25  2:38  SCV  
  26  2:46  Marine  
  27  2:53  SCV  
  28  3:03  Widow Mine  
  28  3:04  Marine  
  31  3:15  Medivac  
  33  3:23  Marine  
  33  3:24  Command Center  
  34  3:33  SCV  
  35  3:37  Factory Reactor  
  35  3:59  Medivac  
  35  4:00  SCV  
  39  4:04  Barracks Tech Lab  
  38  4:18  Barracks  
  38  4:26  Supply Depot  
  38  4:27  Supply Depot  
  38  4:28  Supply Depot  
  38  4:35  Widow Mine x2  
  36  4:57  Marauder  
  36  4:58  Concussive Shells  
  34  5:19  Marauder  
  36  5:34  Barracks Tech Lab  
  36  5:40  Command Center  
  36  5:43  Barracks  
  36  5:45  SCV, Barracks  
  36  5:47  Engineering Bay x2  
  37  5:57  Orbital Command  
  37  6:08  Marauder  
  37  6:11  Stimpack  
  41  6:18  Marauder  
  41  6:20  Combat Shields  
  41  6:22  Starport Reactor  
  41  6:24  Widow Mine x2  
  45  6:30  Terran Infantry Weapons Level 1  
  45  6:33  Terran Infantry Armor Level 1  
  45  6:44  Marine x3  
  45  6:45  Marine  
  49  6:50  SCV  
  49  6:51  SCV  
  51  7:00  Refinery  
  51  7:02  SCV  
  51  7:03  SCV  
  53  7:13  Refinery  
  53  7:15  SCV x2  
  55  7:17  Missile Turret  
  55  7:19  Marauder x2  
  61  7:23  Barracks Reactor  
  61  7:26  Barracks Reactor  
  59  7:30  Medivac x2  
  59  7:35  SCV x2  
  65  7:40  Marauder x2  
  69  7:47  SCV  
  69  7:48  SCV  
  71  7:55  Missile Turret  
  71  7:57  Supply Depot  
  71  8:00  SCV x2, Supply Depot  
  73  8:07  Missile Turret  
  73  8:12  SCV  
  74  8:15  Marine x3  
  74  8:16  Marine, Marauder  
  80  8:22  Orbital Command  
  80  8:24  SCV  
  80  8:26  SCV  
  82  8:29  Missile Turret  
  82  8:33  Armory  
  82  8:36  SCV  
  83  8:43  Refinery  
Show
View Real Time Build Order
Export as new Build Order

Juggernewt Protoss - Winner!

Build Orders: Nexus First 

Get SALT Encoding   

  12  0:02  Probe  
  13  0:14  Probe  
  14  0:20  Pylon  
  14  0:38  Probe (Chrono Boost)  
  16  0:50  Probe (Chrono Boost)  
  16  0:56  Probe (Chrono Boost)  
  17  0:59  Nexus  
  17  1:07  Probe  
  18  1:14  Gateway  
  18  1:23  Probe  
  19  1:35  Probe  
  19  1:39  Gateway  
  20  1:43  Assimilator  
  20  1:47  Probe, Assimilator  
  21  1:59  Probe  
  22  2:02  Cybernetics Core  
  22  2:11  Probe (Chrono Boost)  
  23  2:23  Probe (Chrono Boost)  
  23  2:24  Probe (Chrono Boost)  
  24  2:32  Probe (Chrono Boost)  
  24  2:33  Probe (Chrono Boost)  
  26  2:39  Stalker, Probe  
  26  2:40  Stalker  
  26  2:41  Probe  
  26  2:43  Warp Gate (Chrono Boost)  
  32  2:50  Pylon  
  32  2:53  Probe  
  32  2:54  Probe  
  34  3:06  Probe x2  
  36  3:13  Robotics Facility  
  36  3:19  Pylon  
  37  3:25  Mothership Core  
  38  3:29  Adept x2  
  38  3:33  Probe  
  43  3:45  Probe  
  43  3:46  Probe  
  45  3:55  Robotics Facility  
  45  3:57  Probe, Assimilator  
  45  3:58  Probe  
  45  3:59  Assimilator  
  47  4:07  Immortal (Chrono Boost)  
  47  4:09  Probe  
  52  4:25  Pylon  
  52  4:26  Pylon  
  52  4:29  Pylon  
  52  4:37  Gateway  
  52  4:43  Probe x2, Observer (Chrono Boost)  
  50  4:54  Immortal (Chrono Boost)  
  50  4:57  Stalker x2  
  50  4:59  Probe x2  
  56  5:13  Immortal  
  59  5:24  Gateway  
  59  5:27  Gateway  
  59  5:39  Immortal  
  63  5:59  Pylon  
  63  6:09  Nexus  
  63  6:13  Pylon  
  63  6:17  Pylon  
  63  6:22  Observer x2 (Chrono Boost)  
  65  6:35  Adept  
  65  6:36  Stalker  
  65  6:37  Stalker x2  
  73  6:52  Immortal (Chrono Boost)  
  77  6:55  Immortal (Chrono Boost)  
  81  7:07  Probe x2  
  83  7:12  Sentry x3  
  89  7:19  Probe x2  
  91  7:26  Probe  
  92  7:31  Probe  
  92  7:35  Immortal (Chrono Boost)  
  97  7:43  Probe (Chrono Boost)  
  100  7:48  Probe (Chrono Boost), Twilight Council  
  100  7:49  Probe (Chrono Boost)  
  100  7:53  Probe (Chrono Boost)  
  100  7:56  Probe (Chrono Boost)  
  92  8:15  Stalker x3  
  92  8:16  Stalker x2  
  102  8:25  Immortal  
  106  8:30  Pylon  
  106  8:49  Probe x3  
  106  8:51  Pylon  
  100  8:55  Pylon  
Tags
 
Add a new tag
Caveats
  • Supply blocks, unpowered buildings, or Contaminate may cause inaccurate times.
  • Supply counts are checked every 10 seconds.